AoeStats
← dubege

Arabia

510766298Analyzed
1v1 RM · 10h ago on Oct 2, 2026· 24m 26s· 2 players
Game mode
Random Map
Map size
Tiny (2 player)
Population
200
Speed
Normal
Resources
Standard
Victory
Conquest
Starting age
Dark Age
Ending age
Imperial Age
RankedLock teamsTeams togetherTeam positionsShared explorationLock speedFull tech treeHidden civsTurbo modeCheats
Victory
Defeat
🇩🇪 Hindustanis · Germany
968
+18
🇹🇷 Vikings · Türkiye
1004
-18
coussuoc
8:38 Feudal Age
9:40 Loom
18:21 Castle Age
19:54 Bloodlines
20:53 Scale Barding Armor
21:59 Husbandry
24:07 Chain Barding Armor
dubege
6:21 Loom
9:23 Feudal Age
19:46 Fletching
22:40 Castle Age
Connection lost

Rejoining the realm…

Still unreachable

The connection could not be restored.

Session expired

The server has moved on; the page needs a fresh start.